 Dungeon Crawl Stone Soup version 0.29-a0-468-ge57f7f99b4 (webtiles) character file.

Game seed: 9657229479081462408

148 dabmancer the Magician (level 5, -3/31 (32) HPs)
             Began as an Octopode Hedge Wizard on May 21, 2022.
             Was a Priest of Cheibriados.
             Slain by Crazy Yiuf
             ... wielding a +4 quarterstaff of chaos
              (16 damage)
             ... on level 3 of the Dungeon.
             The game lasted 00:20:32 (3422 turns).

dabmancer the Magician (Octopode Hedge Wizard)      Turns: 3422, Time: 00:20:37

HP:   -3/31 (32)    AC:  1    Str: 15    XL:     5   Next: 30%
MP:   4/11          EV: 13    Int: 25    God:    Cheibriados [***...]
Gold: 116           SH:  0    Dex: 17    Spells: 3/12 levels left

rFire   . . .      SeeInvis .   m - staff of cold
rCold   + . .      Faith    .   (no shield)
rNeg    . . .      Spirit   .   b - +0 hat
rPois   .          Reflect  .   (no amulet)
rElec   .          Harm     .   g - ring of willpower
rCorr   .          Rampage  .   (no ring)
Will    +....                   (no ring)
Stlth   ++++......              (no ring)
HPRegen 0.10/turn               (no ring)
MPRegen 0.12/turn               (no ring)
                                (no ring)
                                (no ring)

@: freezing walls, very slightly contaminated, lightly drained, very slow
A: almost no armour, amphibious, 8 rings, camouflage 1, gelatinous body 1,
(nimble swimmer 1), tentacles
a: Renounce Religion, Bend Time, Temporal Distortion


You were on level 3 of the Dungeon.
You worshipped Cheibriados.
Cheibriados was most pleased with you.
You visited 1 branch of the dungeon, and saw 3 of its levels.

You collected 116 gold pieces.

Inventory:

Hand Weapons
 a - a +0 dagger
 i - a +2 hand axe of draining
 n - a +0 hunting sling
Missiles
 l - 33 stones
 q - a poisoned dart
Armour
 b - a +0 hat (worn)
Magical Staves
 m - a staff of cold (weapon)
Jewellery
 g - a ring of willpower (left tentacle)
Scrolls
 f - 2 scrolls of identify {unknown}
 h - 2 scrolls of blinking {unknown}
 k - 3 scrolls of fog {unknown}
 o - a scroll of teleportation {unknown}
 p - a scroll of silence {unknown}
 r - a scroll of enchant weapon {unknown}
Potions
 c - a potion of magic
 d - 2 potions of haste {unknown}
 e - a potion of degeneration {unknown}
 j - a potion of berserk rage {unknown}


   Skills:
 - Level 0.7 Fighting
 - Level 1.1 Short Blades
 + Level 2.3 Dodging
 + Level 3.3 Stealth
 + Level 4.0 Spellcasting
 + Level 2.3 Conjurations
 + Level 1.3 Summonings
 + Level 1.3 Translocations


You had 3 spell levels left.
You knew the following spells:

 Your Spells              Type           Power      Damage    Failure   Level
a - Magic Dart            Conj           68%        1d6       3%          1
b - Blink                 Tloc           22%        N/A       8%          2
c - Call Imp              Summ           12%        N/A       8%          2
d - Slow                  Hex            20%        N/A       9%          1
e - Frozen Ramparts       Ice            14%        1d3       26%         3

Your spell library contained the following spells:

 Spells                   Type           Power      Damage    Failure   Level
 Conjure Flame            Conj/Fire      11%        6-21      17%         3
 Mephitic Cloud           Conj/Pois/Air  9%         N/A       21%         3
 Summon Ice Beast         Ice/Summ       12%        N/A       56%         4
 Ice Form                 Ice/Tmut       7%         N/A       65%         4


Dungeon Overview and Level Annotations

Branches:
Dungeon (3/15)

Altars:
Cheibriados
Okawaru

Shops:
D:3 [

Annotations:
D:3 2 transporters, Crazy Yiuf; logorrheac's ghost, amateur OpVM


Innate Abilities, Weirdness & Mutations

You cannot wear most types of armour.
You are amphibious.
You can wear up to eight rings at the same time.
Your skin changes colour to match your surroundings (Stealth+).
Your rubbery body absorbs attacks. (AC +1, EV +1)
((You are camouflaged when in or above water. (Stealth+)))
You have tentacles for arms and can constrict up to eight enemies at once.


Message History

You see here a +0 mace.
You see here a +0 mace.
You see here a +0 mace.
You see here a +0 mace.
You see here a +0 mace.
You see here a +0 mace.
You see here a +0 mace.
You see here a +0 mace.
Casting: Magic Dart (safe; 3% risk of failure)
Confirm with . or Enter, or press ? or * to list all spells.
You can't see any susceptible monsters within range! (Use Z to cast anyway.)
Casting: Magic Dart (safe; 3% risk of failure)
Confirm with . or Enter, or press ? or * to list all spells.
The spell is quite dangerous to miscast (26% risk of failure)!
Continue anyway?
Casting: Frozen Ramparts (quite dangerous; 26% risk of failure)
Press: ? - help, Dir - look around, f - activate You feel a surge of power!
The walls around you are covered in ice.
You open the door.
The wall freezes Crazy Yiuf.
Crazy Yiuf says, "Papa!
Scoff blue hand."
Casting: Frozen Ramparts (quite dangerous; 26% risk of failure)
Confirm with . or Enter, or press ? or * to list all spells.
A beastly little devil appears in a puff of frigid air.
The wall freezes Crazy Yiuf.
Crazy Yiuf says, "Earwax!"
Crazy Yiuf hits you with a +4 quarterstaff of chaos!
Crazy Yiuf burns you.
Casting: Call Imp (safe; 8% risk of failure)
Confirm with . or Enter, or press ? or * to list all spells.
Your frozen ramparts will break if you move.
Continue?
Uppercase [Y]es or [N]o only, please.
Your frozen ramparts will break if you move.
Continue?
You miscast Blink.
You are very lightly contaminated with residual magic.
Nothing appears to happen.
Your white imp gestures at Crazy Yiuf.
The puff of frost hits Crazy Yiuf!
The wall freezes Crazy Yiuf.
Crazy Yiuf hits you with a +4 quarterstaff of chaos!
Ouch! That really hurt!
You die...

####### ......#
♣♣♣♣♣### ......#
### ♣♣♣)♣)P#.##
......####
#))5#♣))♣).P...##
.........#
#.))g@♣♣♣♣......#
##.....#.#
#)))#♣♣ ♣♣.#...#
.#.......# ###
♣♣##..#
......##.# #.##
).#......# #.#
....#.##.#####
#.#
#.#.#.##.##..#
#.#
.).........>.#
##.#
..........#..#
#..#


You could see Crazy Yiuf (ally target) and a friendly white imp (summoned).

Vanquished Creatures
  A howler monkey (D:2)
  Terence (D:3)
  An adder (D:2)
  3 worms (D:2)
  3 dart slugs
  An orc (D:3)
  4 ball pythons
  2 endoplasms
  A giant cockroach (D:1)
  9 goblins (D:2)
  10 hobgoblins
  4 quokkas
  5 bats
  3 frilled lizards (D:3)
  2 kobolds
  7 rats
57 creatures vanquished.

Notes
Turn   | Place    | Note
-------+----------+-------------------------------------------
     0 | D:1      | dabmancer the Octopode Hedge Wizard began the quest for the
                  | Orb.
     0 | D:1      | Reached XP level 1. HP: 11/11 MP: 4/4
   137 | D:1      | Found a faded altar of an unknown god.
   311 | D:1      | Prayed at the altar of an unknown god.
   311 | D:1      | Became a worshipper of Cheibriados the Contemplative
   311 | D:1      | Reached * piety under Cheibriados
   362 | D:1      | Reached XP level 2. HP: 17/17 MP: 4/6
  1393 | D:2      | Reached XP level 3. HP: 21/21 MP: 5/8
  1596 | D:2      | Reached ** piety under Cheibriados
  1667 | D:2      | Reached skill level 1 in Short Blades
  1667 | D:2      | Reached XP level 4. HP: 25/27 MP: 4/9
  1924 | D:2      | Reached skill level 4 in Spellcasting
  2506 | D:3      | Found an iron altar of Okawaru.
  2523 | D:3      | Found Coudgh's Armour Boutique.
  2561 | D:3      | Reached *** piety under Cheibriados
  2562 | D:3      | Reached XP level 5. HP: 32/32 MP: 5/11
  2656 | D:3      | Noticed Terence
  2660 | D:3      | Learned a level 2 spell: Blink
  2663 | D:3      | Learned a level 2 spell: Call Imp
  2665 | D:3      | Learned a level 1 spell: Slow
  2682 | D:3      | Killed Terence
  2802 | D:3      | Found a transporter.
  2838 | D:3      | Learned a level 3 spell: Frozen Ramparts
  2982 | D:3      | Found a transporter.
  2985 | D:3      | Noticed logorrheac's ghost (amateur OpVM)
  3402 | D:3      | Found a runed translucent door.
  3403 | D:3      | Noticed Crazy Yiuf
  3422 | D:3      | Slain by Crazy Yiuf

Illustrated notes

Levels and vault maps discovered:
D:1:      kennysheep_arrival_forest, layout_basic, basic_ecumenical_altar,
          serial_forest, infiniplex_forest_clump_tiny,
          infiniplex_forest_clump_double, infiniplex_forest_straight_1,
          infiniplex_forest_straight_5, chequers_serial_rivers_micro_d,
          chequers_serial_rivers_small_3
D:2:      layout_loops_ring, minmay_goblin_outpost
D:3:      layout_basic, okawaru_gym_becter, gammafunk_ghost_stat_death,
          serial_shops, shop, uniq_crazy_yiuf_cottage, uniq_terence

Skill      XL: |  1  2  3  4 |
---------------+-------------+-----
Short Blades   | 1 |  1.1
Stealth        | 3 |  3.3
Conjurations   | 2 |  2.3
Spellcasting   | 4 |  4.0
Fighting       | |  0.7
Dodging        | |  2.3
Summonings     | |  1.3
Translocations | |  1.3

Action                   |  1- 3 |  4- 6 || total
-------------------------+-------+-------++-------
Melee: Dagger            |    27 |     4 ||    31
       Constrict         |     7 |     1 ||     8
       Tentacles         |     8 |     3 ||    11
       Punch             |     2 |       ||     2
       Staff             |       |     2 ||     2
       Hand axe          |       |     1 ||     1
Throw: Stone             |       |    17 ||    17
       Dart              |       |     8 ||     8
       Throwing net      |       |     1 ||     1
 Cast: Magic Dart        |    66 |    54 ||   120
       Call Imp          |       |     2 ||     2
       Frozen Ramparts   |       |     2 ||     2
       Slow              |       |     1 ||     1
       Blink             |       |     1 ||     1
Invok: Bend Time         |       |     2 ||     2
Armor: Skin              |     3 |     2 ||     5
Dodge: Dodged            |    13 |     9 ||    22

Table legend: (Time is in decaauts)
 A = Elapsed time spent in this place.
 B = Non-inter-level travel time spent in this place.
 C = Inter-level travel time spent in this place.
 D = Time resting spent in this place.
 E = Time spent auto-exploring this place.
 F = Levels seen in this place.
 G = Mean time per level.
                   A        B        C        D        E       F      G
               +--------+--------+--------+--------+--------+-----+--------+
         Total |   4346 |   4211 |    135 |    201 |   3414 |   3 | 1448.7 |
       Dungeon |   4346 |   4211 |    135 |    201 |   3414 |   3 | 1448.7 |
               +--------+--------+--------+--------+--------+-----+--------+

Top non-repeatable levels by time:
     D:2: 1709 daAuts
     D:3: 1359 daAuts
     D:1: 1277 daAuts
